 Dungeon Crawl Stone Soup version 0.29-a0-495-g17b79114eb (webtiles) character file.

Game seed: 14823470653832214539

37 MysticalOrb the Grasshopper (level 3, 30/30 HPs)
             Began as a Draconian Warper on May 27, 2022.
             Quit the game on level 1 of the Dungeon.
             The game lasted 00:09:57 (1137 turns).

MysticalOrb the Grasshopper (Draconian Warper)      Turns: 1137, Time: 00:09:58

Health: 30/30      AC:  6    Str: 15    XL:     3   Next: 21%
Magic:  6/6        EV: 12    Int: 13    God:
Gold:   0          SH:  0    Dex: 10    Spells: 6/6 levels left

rFire   . . .      SeeInvis .   a - +0 falchion
rCold   . . .      Faith    .   (no shield)
rNeg    . . .      Spirit   .   (body armour unavailable)
rPois   .          Reflect  .   (helmet restricted)
rElec   .          Harm     .   (no cloak)
rCorr   .          Rampage  .   (no gloves)
Will    .....                   i - +0 pair of boots
Stlth   +.........              (no amulet)
HPRegen 0.10/turn               (no ring)
MPRegen 0.10/turn               (no ring)

@: no status effects
A: AC +5, unfitting armour, cold-blooded
a: no special abilities


You were on level 1 of the Dungeon.
You visited 1 branch of the dungeon, and saw 1 of its levels.

Inventory:

Hand Weapons
 a - a +0 falchion (weapon)
Missiles
 c - 5 boomerangs of dispersal (quivered)
Armour
 g - a +0 leather armour
 i - a +0 pair of boots (worn)
Scrolls
 b - a scroll of blinking
 d - a scroll of vulnerability {unknown}
 e - 3 scrolls of identify {unknown}
 f - a scroll of noise {unknown}
 h - a scroll of immolation {unknown}
 k - a scroll of magic mapping {unknown}
Potions
 j - a potion of attraction {unknown}


   Skills:
 + Level 2.6 Fighting
 + Level 2.2 Long Blades
 + Level 0.8 Throwing
 + Level 2.3 Dodging
 + Level 2.2 Spellcasting
 + Level 3.6 Translocations


You had 6 spell levels left.
You didn't know any spells.
Your spell library contained the following spells:

 Spells                   Type           Power      Damage    Failure   Level
 Blink                    Tloc           20%        N/A       9%          2
 Gell's Gravitas          Tloc           10%        N/A       17%         3
 Lesser Beckoning         Tloc           10%        N/A       17%         3
 Teleport Other           Tloc           10%        N/A       17%         3
 Manifold Assault         Tloc           10%        N/A       83%         5


Dungeon Overview and Level Annotations

Branches:
Dungeon (1/15)

Altars:


Innate Abilities, Weirdness & Mutations

Your plain brown scales are hard. (AC +5)
You cannot fit into any form of body armour.
You are cold-blooded and may be slowed by cold attacks.


Message History

You barely miss the hobgoblin. The hobgoblin barely misses you.
You barely miss the hobgoblin. The hobgoblin misses you.
You hit the hobgoblin.
You tail-slap the hobgoblin, but do no damage.
The hobgoblin is severely wounded.
The hobgoblin hits you but does no damage.
You hit the hobgoblin.
The hobgoblin is almost dead.
The hobgoblin hits you but does no damage.
You slash the hobgoblin!
You kill the hobgoblin!
You see here a +0 hand axe.
There is a stone staircase leading down here.
You are now empty-handed.
There are no items here.
a - a +0 falchion (weapon)
Sorry, you're not good enough to have a special ability.
There is a stone staircase leading down here.
Unknown command.
Unknown command.
Unknown command.
Are you sure you want to abandon this character and quit the game? (Confirm with "yes".)

.................#
.###############.# .# #.#
.# #)# .# ##.## ## .#
#...# .### .#
#...###+##.... .####
########.........########
.....
.........@...............
..####
########.........########.
.....# #...####.#.........
.....# ##### #.).#####...
.....# ##.......... +#...#
#...#....# .#...#
####..#.####
.#...##########
#..........#
.'...'........#
#.....#.##.#


There were no monsters in sight!

Vanquished Creatures
  3 dart slugs (D:1)
  3 ball pythons (D:1)
  2 endoplasms (D:1)
  A goblin (D:1)
  3 hobgoblins (D:1)
  4 jackals (D:1)
  2 kobolds (D:1)
  3 quokkas (D:1)
  A bat (D:1)
  2 frilled lizards (D:1)
  4 rats (D:1)
28 creatures vanquished.

Notes
Turn   | Place    | Note
-------+----------+-------------------------------------------
     0 | D:1      | MysticalOrb the Draconian Warper began the quest for the
                  | Orb.
     0 | D:1      | Reached XP level 1. HP: 17/17 MP: 3/3
   111 | D:1      | Reached XP level 2. HP: 15/25 MP: 5/5
   803 | D:1      | Reached XP level 3. HP: 25/30 MP: 6/6
  1137 | D:1      | Quit the game

Illustrated notes

Levels and vault maps discovered:
D:1:      amcnicky_arrival_double_pillar, layout_basic, kennysheep_small_spiral

Action                   || total
-------------------------++-------
Melee: Falchion          ||    99
       Tailslap          ||     8
       Punch             ||     1
Throw: Boomerang         ||     2
 Stab: Sleeping          ||     1
Armor: Skin              ||    30
Dodge: Dodged            ||    96

Table legend: (Time is in decaauts)
 A = Elapsed time spent in this place.
 B = Non-inter-level travel time spent in this place.
 C = Inter-level travel time spent in this place.
 D = Time resting spent in this place.
 E = Time spent auto-exploring this place.
 F = Levels seen in this place.
 G = Mean time per level.
                   A        B        C        D        E       F      G
               +--------+--------+--------+--------+--------+-----+--------+
         Total |   1155 |   1109 |     46 |     46 |    308 |   1 | 1155.0 |
       Dungeon |   1155 |   1109 |     46 |     46 |    308 |   1 | 1155.0 |
               +--------+--------+--------+--------+--------+-----+--------+

Top non-repeatable levels by time:
     D:1: 1155 daAuts
